AoeStats
← CNZS_carlar

Arena

510484478Analyzed
4v4 RM · 10h ago on Oct 1, 2026· 37m 8s· 8 players
Game mode
Random Map
Map size
Large (8 player)
Population
200
Speed
Normal
Resources
Standard
Victory
Conquest
Starting age
Dark Age
Ending age
Imperial Age
RankedLock teamsTeams togetherTeam positionsShared explorationLock speedFull tech treeHidden civsTurbo modeCheats
Victory
Defeat
🇨🇳 Chinese · China
1144
+17
🇨🇳 Poles · China
1143
+17
🇹🇼 Hindustanis · Taiwan
1133
+17
🇨🇳 Persians · China
1131
+18
🇨🇳 Malians · China
1205
-18
🇺🇸 Italians · United States
1202
-19
🇲🇽 Romans · Mexico
1130
-16
🇺🇸 Celts · United States
1129
-16
CNZS_carlar
10:30 Feudal Age
14:15 Castle Age
12:34 Double-Bit Axe
13:27 Horse Collar
20:11 Wheelbarrow
21:25 Bow Saw
22:22 Heavy Plow
22:39 Gold Mining
22:46 Stone Mining
24:07 Hand Cart
24:28 Loom
27:39 Imperial Age
26:25 Ballistics
25:59 Fletching
26:09 Padded Archer Armor
26:32 Great Wall
27:56 Bodkin Arrow
28:19 Leather Archer Armor
28:07 Scale Mail Armor
28:20 Fortified Wall
27:57 Pikeman
28:38 Squires
28:24 Arson
29:07 Halberdier
30:18 Conscription
31:52 Heavy Rocket Cart
34:02 Bracer
34:33 Ring Archer Armor
35:05 Chemistry
34:25 Elite Chu Ko Nu
夙川惠璃
10:50 Feudal Age
11:17 Horse Collar
11:25 Double-Bit Axe
17:31 Castle Age
18:10 Stone Mining
18:33 Bow Saw
18:31 Heavy Plow
23:45 Wheelbarrow
24:42 Hand Cart
29:27 Imperial Age
27:49 Stone Shaft Mining
27:07 Gold Mining
28:17 Scale Barding Armor
28:23 Forging
29:24 Gold Shaft Mining
29:24 Chain Barding Armor
30:09 Conscription
29:20 Elite War Elephant
31:58 Iron Casting
32:00 Plate Barding Armor
34:21 Blast Furnace
34:26 Loom
34:28 Town Watch
36:38 Husbandry
36:49 Bloodlines
qooqaz456
10:55 Feudal Age
10:57 Loom
11:48 Double-Bit Axe
14:47 Castle Age
12:59 Horse Collar
16:23 Bow Saw
16:15 Heavy Plow
20:08 Wheelbarrow
25:14 Gold Mining
25:15 Stone Mining
25:55 Hand Cart
28:39 Imperial Age
27:17 Town Watch
27:45 Husbandry
27:56 Bloodlines
29:45 Scale Barding Armor
29:51 Forging
30:14 Ballistics
30:54 Chemistry
30:25 Conscription
30:07 Grand Trunk Road
29:41 Heavy Camel Rider
30:27 Town Patrol
31:05 Gold Shaft Mining
32:58 Chain Barding Armor
33:14 Iron Casting
32:42 Imperial Camel Rider
35:20 Light Cavalry
36:38 Murder Holes
36:49 Siege Engineers
37:00 Hussar
redwolfliu
10:35 Feudal Age
11:12 Horse Collar
11:19 Double-Bit Axe
15:46 Castle Age
15:47 Wheelbarrow
16:55 Heavy Plow
17:07 Bow Saw
22:18 Gold Mining
29:02 Imperial Age
26:19 Loom
27:04 Stone Mining
28:20 Hand Cart
28:18 Squires
28:04 Arson
28:35 Crossbowman
29:07 Fletching
30:11 Stone Shaft Mining
29:49 Arbalester
30:35 Thumb Ring
30:57 Conscription
31:17 Crop Rotation
31:42 Bodkin Arrow
32:54 Chemistry
32:43 Bracer
33:29 Light Cavalry
34:21 Bloodlines
34:13 Husbandry
34:53 Scale Barding Armor
34:16 Winged Hussar
35:24 Lechitic Legacy
35:17 Forging
37:57 Iron Casting
38:02 Chain Barding Armor
Da-dada
9:56 Feudal Age
14:25 Castle Age
12:37 Double-Bit Axe
12:58 Horse Collar
16:10 Bow Saw
18:07 Loom
21:00 Wheelbarrow
22:24 Heavy Plow
23:45 Hand Cart
23:33 Gold Mining
25:07 Forging
24:57 Scale Mail Armor
29:21 Imperial Age
27:50 Iron Casting
27:31 Chain Mail Armor
27:23 Scale Barding Armor
28:03 Ballistics
27:51 Scale Barding Armor
29:38 Treadmill Crane
30:28 Bloodlines
30:19 Husbandry
29:39 Light Cavalry
30:42 Conscription
30:23 Farimba
31:25 Crop Rotation
31:31 Elite Gbeto
32:46 Plate Mail Armor
32:36 Chain Barding Armor
32:08 Fletching
33:20 Chemistry
35:04 Murder Holes
35:47 Plate Barding Armor
35:08 Bodkin Arrow
37:36 Masonry
Nyniva
11:12 Feudal Age
14:50 Castle Age
13:11 Double-Bit Axe
13:49 Gold Mining
16:07 Bow Saw
Pikachu
9:50 Feudal Age
10:46 Double-Bit Axe
13:43 Castle Age
11:44 Horse Collar
15:07 Bow Saw
22:43 Wheelbarrow
28:39 Imperial Age
26:26 Gold Mining
27:00 Hand Cart
27:25 Stone Mining
28:17 Forging
28:07 Scale Mail Armor
28:12 Padded Archer Armor
28:02 Fletching
28:47 Ballistics
29:11 Leather Archer Armor
30:23 Chemistry
29:35 Squires
29:21 Arson
30:04 Bodkin Arrow
31:59 Scale Mail Armor
32:00 Bracer
32:35 Ring Archer Armor
32:05 Scale Mail Armor
33:21 Elite Skirmisher
34:18 Light Cavalry
35:08 Bloodlines
35:23 Hussar
36:42 Pirotechnia
36:54 Conscription
Gonnar
10:21 Feudal Age
14:06 Castle Age
12:10 Double-Bit Axe
12:34 Horse Collar
20:51 Wheelbarrow
25:56 Imperial Age
23:21 Gold Mining
28:14 Gold Shaft Mining
27:51 Bow Saw
29:18 Chemistry
28:38 Ballistics
28:46 Guilds
29:52 Siege Engineers
30:09 Stone Mining
30:35 Capped Ram
32:37 Hand Cart
34:36 Heavy Scorpion
Connection lost

Rejoining the realm…

Still unreachable

The connection could not be restored.

Session expired

The server has moved on; the page needs a fresh start.